 Dungeon Crawl Stone Soup version 0.22-a0-423-g4197694 (webtiles) character file.

160567 torrenera the Eclecticist (level 17, -7/106 HPs)
             Began as a Deep Elf Fire Elementalist on May 22, 2018.
             Was a High Priest of Vehumet.
             Killed from afar by a nagaraja (19 damage)
             ... with a splash of poison
             ... on level 4 of the Snake Pit on May 23, 2018.
             The game lasted 02:17:49 (40918 turns).

torrenera the Eclecticist (DEFE)                   Turns: 40918, Time: 02:17:50

Health: -7/106     AC: 15    Str: 11    XL:     17   Next: 18%
Magic:  9/48       EV: 21    Int: 30    God:    Vehumet [*****.]
Gold:   1769       SH:  0    Dex: 15    Spells: 5/48 levels left

rFire    + . .     SeeInvis +   F - +4 trident "Imp's Nightmare" {pierce, rElec Int+4 Stlth-}
rCold    . . .     Gourm    .   (no shield)
rNeg     . . .     Faith    .   z - +3 leather armour {rF+}
rPois    .         Spirit   .   w - +2 hat
rElec    +         Reflect  .   q - +1 cloak
rCorr    +         Harm     .   h - +0 pair of gloves
MR       +....                  u - +1 pair of boots
Stlth    +.........             (no amulet)
HPRegen  0.27/turn              E - ring of Vimubaf {rCorr rPois MP+9 Str+6 Int-4}
MPRegen  0.31/turn              X - ring "Ejin" {*Corrode EV+3 Int+2 Slay+3 SInv}

@: lethally poisoned (-7 -> -10), poison vulnerable
A: no striking features
a: Renounce Religion


You were on level 4 of the Snake Pit.
You worshipped Vehumet.
Vehumet was extremely pleased with you.
You were near starving.

You visited 5 branches of the dungeon, and saw 26 of its levels.
You also visited: Ice Cave.

You collected 1769 gold pieces.

Inventory:

Hand Weapons
 l - a +0 long sword of electrocution
 F - the +4 trident "Imp's Nightmare" (weapon) {pierce, rElec Int+4 Stlth-}
   (You found it on level 9 of the Dungeon)

   It inflicts extra damage upon your enemies.
   It affects your intelligence (+4).
   It insulates you from electricity.
   It makes you less stealthy.
 J - a +3 scimitar of flaming
Armour
 h - a +0 pair of gloves (worn)
 q - a +1 cloak (worn)
 u - a +1 pair of boots (worn)
 w - a +2 hat (worn)
 z - a +3 leather armour of fire resistance (worn)
 C - a +0 robe of fire resistance
 P - a +0 robe of magic resistance
Magical Staves
 m - an uncursed staff of conjuration
Jewellery
 i - an uncursed amulet of the gourmand {unknown}
 t - the ring "Qunusis" {+Inv rC+ SInv}
   (You found it in an ice cave)

   [ring of protection from cold]

   It protects you from cold.
   It lets you see invisible.
   It lets you turn invisible.
 y - an uncursed ring of protection from cold
 B - an uncursed ring of magical power
 E - the ring of Vimubaf (left hand) {rCorr rPois MP+9 Str+6 Int-4}
   (You found it on level 14 of the Dungeon)

   [ring of resist corrosion]

   It affects your strength (+6).
   It affects your intelligence (-4).
   It protects you from poison.
   It affects your magic capacity (+9).
 H - an uncursed ring of ice
 X - the ring "Ejin" (right hand) {*Corrode EV+3 Int+2 Slay+3 SInv}
   (You found it on level 6 of the Lair of Beasts)

   [ring of evasion]

   It affects your evasion (+3).
   It affects your intelligence (+2).
   It affects your accuracy and damage with ranged weapons and melee attacks
   (+3).
   It lets you see invisible.
   It may corrode you when you take damage.
Wands
 a - a wand of digging (15)
 p - a wand of flame (44)
 v - a wand of iceblast (2)
 A - a wand of random effects (21)
 O - a wand of paralysis (12)
 S - a wand of acid (7)
Scrolls
 d - 2 scrolls of identify
 f - 6 scrolls of teleportation
 j - a scroll of enchant weapon
 x - 4 scrolls of fog
 N - 6 scrolls of remove curse
 Q - a scroll of holy word
 R - 4 scrolls of magic mapping
 T - 2 scrolls of amnesia
Potions
 b - 3 potions of lignification
 e - 4 potions of curing
 g - 4 potions of brilliance
 k - 4 potions of might
 n - 2 potions of resistance
 o - 2 potions of ambrosia
 r - 2 potions of berserk rage
 s - 4 potions of flight
 D - 4 potions of haste
 K - a potion of magic
 L - a potion of invisibility
 U - a potion of agility
Miscellaneous
 M - a lightning rod (3/4)
Comestibles
 c - 41 rations


   Skills:
 - Level 12.0 Fighting
 - Level 10.0 Armour
 - Level 10.0 Dodging
 - Level 2.4 Stealth
 - Level 16.2 Spellcasting
 + Level 12.6 Conjurations
 - Level 10.0 Charms
 - Level 8.0 Necromancy
 * Level 14.4 Fire Magic
 - Level 8.3 Earth Magic


You had 5 spell levels left.
You knew the following spells:

 Your Spells              Type           Power        Failure   Level  Hunger
a - Flame Tongue          Conj/Fire      #####        0%          1    None
b - Throw Flame           Conj/Fire      ######       0%          2    None
c - Conjure Flame         Conj/Fire      #######.     1%          3    None
d - Sticky Flame          Conj/Fire      #######.     1%          4    None
e - Fireball              Conj/Fire      #######...   1%          5    None
f - Stone Arrow           Conj/Erth      ######       1%          3    None
g - Lee's Rapid Deconstr  Erth           ######....   1%          5    None
h - Borgnjor's Vile Clut  Necr/Erth      ######....   2%          5    None
i - Regeneration          Chrm/Necr      ######....   1%          3    None
j - Swiftness             Chrm/Air       ######..     1%          2    None
k - Blink                 Tloc           N/A          3%          2    None
l - Bolt of Fire          Conj/Fire      #######...   1%          6    ###....
m - Passwall              Tmut/Erth      #####.....   1%          2    None

Your spell library contained the following spells:

 Spells                   Type           Power        Failure   Level  Hunger
 Cause Fear               Hex            ###.......   22%         4    None
 Magic Dart               Conj           ####         0%          1    None
 Lightning Bolt           Conj/Air       ######....   1%          5    None
 Slow                     Hex            ###.....     3%          2    None
 Confuse                  Hex            ###.....     7%          3    None
 Mephitic Cloud           Conj/Pois/Air  #####...     1%          3    None
 Animate Dead             Necr           N/A          1%          4    None
 Pain                     Necr           ####         1%          1    None
 Animate Skeleton         Necr           N/A          1%          1    None
 Vampiric Draining        Necr           ######....   1%          3    None
 Call Imp                 Summ           ###.....     3%          2    None
 Shock                    Conj/Air       ####         1%          1    None
 Recall                   Summ/Tloc      N/A          7%          3    None
 Death Channel            Necr           ######....   13%         6    ###....
 Deflect Missiles         Chrm/Air       ######....   41%         6    ###....
 Airstrike                Air            ###.......   6%          4    None
 Confusing Touch          Hex            ###...       2%          1    None
 Metabolic Englaciation   Hex/Ice        ###.......   54%         5    None
 Silence                  Hex/Air        ###.......   54%         5    None
 Static Discharge         Conj/Air       ######..     1%          3    None
 Sandblast                Erth           ######       1%          1    None
 Simulacrum               Ice/Necr       #####.....   54%         6    ###....
 Petrify                  Tmut/Erth      #####...     4%          4    None
 Inner Flame              Hex/Fire       ######..     1%          3    None
 Discord                  Hex            ###.......   100%        8    ######.
 Gell's Gravitas          Tloc           ###.......   7%          3    None
 Yara's Violent Unravell  Hex/Tmut       ###.......   17%         5    None


Dungeon Overview and Level Annotations

Branches:
Dungeon (14/15)            Temple (1/1) D:5            Lair (6/6) D:11
 Shoals (0/4) Lair:2        Snake (4/4) Lair:3        Slime (0/5) Lair:5
    Orc (1/2) D:12         Vaults (0/5) D:13

Altars:
Cheibriados
Elyvilon
Fedhas
Gozag
Hepliaklqana
Kikubaaqudgha
Nemelex Xobeh
Okawaru
Qazlal
Ru
Sif Muna
Uskayaw
Vehumet
Wu Jian
Xom
Zin
Jiyva

Shops:
D:6 :   D:12 ([(}:   D:13 }   Snake:1 =[   Snake:3 (

Portals:
Trove: D:12 (give +5 demon whip)

Annotations:
D:5 1 runed door
D:6 galech's ghost, novice OgBe
D:14 exclusion: obsidian statue


Message History

A naga comes into view. It is wielding a flail.
A salamander comes into view. It is wielding a trident.
The nagaraja casts a spell at you. The bolt of poison hits you!
You are more poisoned.
* * * LOW HITPOINT WARNING * * *
You feel better.
Casting: Bolt of Fire (safe; 1% risk of failure)
Confirm with . or Enter, or press ? or * to list all spells.
Aiming: Borgnjor's Vile Clutch (safe; 2% risk of failure)
Press: ? - help, Dir - move target cursor, f - naga
Aim: a naga, wielding a flail and wearing a robe Decaying hands burst forth from the earth!
Zombie hands grab the naga.
Zombie hands grab the salamander.
The zombie hands constrict the naga.
The zombie hands constrict the salamander!
The nagaraja spits poison at you. The splash of poison hits you!
You are poisoned.
You die...

.....').#.....#..#...P.......#...
.....'..##....###..P♣≈.≈≈≈≈P(....
.....#..#......##.P≈≈.≈≈≈≈..)....
.....##.####..###.≈≈≈≈≈≈≈≈.≈....)
......#....#N##.#.≈≈≈≈≈≈≈≈)≈.#..)
#.....#.........#♣≈≈≈≈≈.≈≈≈♣)#(..
##....#.##.##..##.P≈≈.≈≈)≈≈.)().(
.##...#########....P..♣[).).())##
..##............@..........[.).#.
...##................()(...)[..#.
....##..............###)).)....#.
#...##...........#.#.#(([.N..<##
#...##......N..##...#[.......#.
#...#.....N(.['....[.[.....)##
#))'[#.......#....#.........#
#).'.#.......'.)..##...[(..##
#...#.........#.....#)....[)'.


You could see a nagaraja, a salamander and a naga.

Vanquished Creatures
  Vashnia (Snake:4)
  Rupert (Lair:5)
  5 nagarajas
  A frost giant (IceCv)
  Louise (Snake:3)
  Snorg (Lair:6)
  Fannar (Lair:2)
  23 naga warriors
  A catoblepas (Lair:3)
  9 hydras
  2 dancing weapons (D:13)
  11 anacondas
  4 two-headed ogres
  A tengu warrior (D:12)
  9 death yaks
  3 shock serpents
  11 naga sharpshooters
  A fire crab (shapeshifter) (D:13)
  2 salamander mystics
  An unseen horror (D:14)
  2 sea snakes (Snake:4)
  A wizard (D:14)
  6 naga ritualists
  A necromancer (Lair:4)
  7 mana vipers
  3 cyclopes
  An ugly thing (D:11)
  A deep elf mage (D:12)
  A manticore (D:11)
  7 salamanders
  37 black mambas
  2 centaur zombies
  8 guardian serpents
  An ice statue (IceCv)
  10 spiny frogs
  6 elephants (Lair:5)
  20 naga magi
  A gargoyle (D:11)
  6 komodo dragons
  3 rime drakes
  An efreet (D:14)
  2 kobold demonologists (D:14)
  A tengu conjurer (D:13)
  A harpy zombie (D:11)
  13 polar bears
  4 trolls
  3 hornets
  18 blink frogs
  12 hippogriffs
  24 dream sheep
  13 spriggans (Lair:6)
  A spriggan (shapeshifter) (D:14)
  2 shadows
  A wraith (D:14)
  A basilisk (Lair:4)
  2 vampires
  75 yaks
  2 steam dragons
  4 vampire mosquitoes (D:12)
  A hungry ghost (D:7)
  72 nagas
  A warg (Orc:1)
  An acid dragon (D:12)
  Duvessa (D:6)
  13 water moccasins
  3 porcupines
  12 ice beasts
  2 sky beasts
  10 orc warriors
  4 black bears
  2 hornet zombies
  7 ogres
  A phantom (D:7)
  3 elephant zombies (Lair:4)
  An eye of draining (D:12)
  3 necrophages
  37 wolves
  2 killer bees
  9 boggarts
  10 centaurs
  A big kobold (D:10)
  9 crocodiles
  A komodo dragon zombie (Lair:4)
  Blork the orc (D:6)
  11 bullfrogs
  8 scorpions
  A wyvern skeleton (D:13)
  Dowan (D:6)
  2 jellies
  5 electric eels
  4 howler monkeys
  8 crimson imps
  A bullfrog zombie (D:13)
  2 quasits
  10 orc priests
  A bullfrog skeleton (D:10)
  8 hounds
  10 orc wizards
  A basilisk zombie (Lair:4)
  5 centaur skeletons
  4 iguanas
  14 worker ants
  A killer bee zombie (D:7)
  A crocodile zombie (Lair:4)
  A hound zombie (D:6)
  A hound skeleton (D:4)
  16 adders
  4 shadow imps
  An adder zombie (D:6)
  A worm (D:4)
  2 dart slugs
  4 leopard geckos
  38 orcs
  6 ball pythons
  9 giant cockroaches
  12 goblins
  6 hobgoblins
  3 jackals (D:5)
  15 kobolds
  7 quokkas
  15 bats
  7 frilled lizards
  A giant cockroach zombie (D:5)
  A leopard gecko skeleton (D:6)
  A quokka zombie (D:9)
  9 rats
  7 plants
865 creatures vanquished.

Vanquished Creatures (collateral kills)
  4 killer bees
4 creatures vanquished.

Vanquished Creatures (others)
  3 polar bears (IceCv)
  A yak (IceCv)
  3 killer bees
  A wolf (IceCv)
  A centaur (D:11)
  An orc wizard (Orc:1)
  A howler monkey zombie (D:8)
  A bush (Lair:6)
  12 fungi
  25 plants
49 creatures vanquished.

Grand Total: 918 creatures vanquished

Notes
Turn   | Place    | Note
-------+----------+-------------------------------------------
     0 | D:1      | torrenera the Deep Elf Fire Elementalist began the quest for the Orb.
     0 | D:1      | Reached XP level 1. HP: 10/10 MP: 6/6
   192 | D:1      | Reached XP level 2. HP: 15/15 MP: 4/8
   682 | D:1      | Reached skill level 4 in Spellcasting
   761 | D:1      | Learned a level 2 spell: Throw Flame
   808 | D:1      | Reached XP level 3. HP: 19/19 MP: 8/10
   813 | D:1      | Learned a level 3 spell: Conjure Flame
  1784 | D:2      | Reached XP level 4. HP: 17/24 MP: 3/12
  2363 | D:3      | Learned a level 4 spell: Sticky Flame
  2430 | D:3      | Reached skill level 5 in Spellcasting
  2472 | D:3      | Reached XP level 5. HP: 22/28 MP: 6/14
  3640 | D:4      | Reached XP level 6. HP: 32/32 MP: 7/16
  4062 | D:4      | Reached skill level 6 in Spellcasting
  4125 | D:4      | Reached skill level 5 in Conjurations
  4160 | D:4      | Found the +7 Singing Sword
  4263 | D:4      | Reached XP level 7. HP: 36/36 MP: 9/18
  4436 | D:4      | Reached skill level 5 in Fire Magic
  4568 | D:5      | Entered Level 5 of the Dungeon
  4713 | D:5      | Learned a level 5 spell: Fireball
  4904 | D:5      | Reached skill level 7 in Spellcasting
  4984 | D:5      | Found a staircase to the Ecumenical Temple.
  5051 | Temple   | Entered the Ecumenical Temple
  5139 | Temple   | Became a worshipper of Vehumet
  5324 | D:5      | Found a runed door.
  5379 | D:5      | Found a runed door.
  5949 | D:5      | Reached XP level 8. HP: 41/41 MP: 11/21
  6137 | D:6      | Noticed Duvessa
  6137 | D:6      | Noticed Dowan
  6140 | D:6      | Killed Dowan
  6140 | D:6      | Reached * piety under Vehumet
  6140 | D:6      | Offered knowledge of Sandblast by Vehumet.
  6145 | D:6      | Killed Duvessa
  6672 | D:6      | Noticed galech's ghost (novice OgBe)
  6743 | D:6      | Reached skill level 8 in Spellcasting
  7151 | D:6      | Noticed Blork the orc
  7229 | D:6      | Found Vydis's Book Boutique.
  7249 | D:6      | Killed Blork the orc
  7633 | D:7      | Reached XP level 9. HP: 45/45 MP: 23/23
  7676 | D:7      | Noticed a hand axe
  7676 | D:7      | Noticed a hand axe
  7929 | D:7      | Found a flagged portal.
  8050 | D:7      | Found a hide-covered altar of Uskayaw.
  8232 | D:7      | Found a blossoming altar of Fedhas.
  8232 | D:7      | Found an iron altar of Okawaru.
  8280 | D:8      | Found a deep blue altar of Sif Muna.
  8365 | D:8      | Reached skill level 9 in Spellcasting
  8780 | D:8      | Found a shimmering altar of Xom.
  8943 | D:9      | Found a shimmering altar of Xom.
  8944 | D:9      | Found a shimmering altar of Xom.
  8945 | D:9      | Found a shimmering altar of Xom.
  8945 | D:9      | Found a shimmering altar of Xom.
  9018 | D:9      | Got a crystal trident
  9019 | D:9      | Identified the +4 trident "Imp's Nightmare" {pierce, rElec Int+4 Stlth-} (You found it on level 9 of the Dungeon)
  9725 | D:9      | Found a shimmering altar of Xom.
  9725 | D:9      | Noticed a guardian serpent
  9740 | D:9      | Learned a level 3 spell: Stone Arrow
  9759 | D:9      | Offered knowledge of Magic Dart by Vehumet.
  9759 | D:9      | Reached skill level 10 in Conjurations
  9769 | D:9      | Reached ** piety under Vehumet
  9769 | D:9      | Reached skill level 10 in Spellcasting
  9769 | D:9      | Reached XP level 10. HP: 33/50 MP: 22/26
  9773 | D:9      | Noticed a spiny frog
  9774 | D:9      | Found a shimmering altar of Xom.
  9774 | D:9      | Found a shimmering altar of Xom.
  9775 | D:9      | Found a shimmering altar of Xom.
  9775 | D:9      | Found a shimmering altar of Xom.
  9785 | D:9      | Reached skill level 10 in Fire Magic
  9794 | D:9      | Reached skill level 1 in Earth Magic
  9996 | D:9      | Noticed a moth of wrath
 10018 | D:9      | Noticed a two-headed ogre
 10029 | D:9      | Killed a two-headed ogre
 10239 | D:10     | Entered Level 10 of the Dungeon
 10423 | D:10     | Reached skill level 5 in Earth Magic
 10669 | D:10     | Offered knowledge of Ignite Poison by Vehumet.
 11098 | D:10     | Reached *** piety under Vehumet
 11363 | D:10     | Learned a level 5 spell: Lee's Rapid Deconstruction
 11369 | D:10     | Learned a level 5 spell: Borgnjor's Vile Clutch
 11812 | D:11     | Noticed a two-headed ogre
 11821 | D:11     | Killed a two-headed ogre
 11821 | D:11     | Reached skill level 5 in Necromancy
 11821 | D:11     | Reached XP level 11. HP: 27/54 MP: 24/27
 12026 | D:11     | Offered knowledge of Static Discharge by Vehumet.
 13004 | D:11     | Noticed a purple ugly thing
 13011 | D:11     | Killed a purple ugly thing
 13011 | D:11     | Reached skill level 1 in Fighting
 13449 | D:11     | Found a staircase to the Lair.
 13829 | Lair:1   | Entered Level 1 of the Lair of Beasts
 13932 | Lair:1   | Reached **** piety under Vehumet
 14109 | Lair:1   | Reached skill level 5 in Fighting
 14421 | Lair:1   | Offered knowledge of Fulminant Prism by Vehumet.
 14822 | Lair:2   | Noticed a seven-headed hydra
 14826 | Lair:2   | Killed a seven-headed hydra
 14826 | Lair:2   | Reached XP level 12. HP: 72/72 MP: 26/28
 14865 | Lair:2   | Noticed Fannar
 14889 | Lair:2   | Killed Fannar
 15070 | Lair:2   | You fall through a shaft!
 15070 | Lair:3   | Noticed a catoblepas
 15077 | Lair:3   | Killed a catoblepas
 15525 | Lair:3   | Noticed a five-headed hydra
 15537 | Lair:3   | Killed a five-headed hydra
 15757 | Lair:3   | Reached skill level 10 in Fighting
 15848 | Lair:3   | Noticed a four-headed hydra
 15854 | Lair:3   | Killed a four-headed hydra
 16025 | Lair:3   | Found a staircase to the Snake Pit.
 16229 | Lair:4   | Got a twitching granite ring
 16581 | Lair:4   | Noticed a five-headed hydra
 16595 | Lair:4   | Killed a five-headed hydra
 16802 | Lair:4   | Reached ***** piety under Vehumet
 16815 | Lair:4   | Offered knowledge of Ozocubu's Refrigeration by Vehumet.
 17506 | Lair:5   | Reached XP level 13. HP: 77/84 MP: 9/29
 17969 | Lair:5   | Lost strength.
 17969 | Lair:5   | Identified the cursed ring "Qeeclu" {MR+ Str-5 Slay-2 SInv} (You found it on level 4 of the Lair of Beasts)
 18006 | Lair:5   | Found a viscous altar of Jiyva.
 18007 | Lair:5   | Found a staircase to the Slime Pits.
 18227 | Lair:5   | Noticed Rupert
 18229 | Lair:5   | Paralysed by Rupert for 5 turns
 18241 | Lair:5   | Killed Rupert
 18241 | Lair:5   | Reached skill level 1 in Armour
 18252 | Lair:5   | Reached skill level 5 in Dodging
 18978 | Lair:6   | Entered Level 6 of the Lair of Beasts
 19376 | Lair:6   | Noticed Snorg
 20068 | Lair:6   | Offered knowledge of Venom Bolt by Vehumet.
 20104 | Lair:6   | Reached XP level 14. HP: 84/92 MP: 7/30
 20363 | Lair:6   | Reached skill level 10 in Dodging
 20375 | Lair:6   | Killed Snorg
 20375 | Lair:6   | Reached skill level 5 in Armour
 20878 | Lair:6   | Paralysed by a hornet for 2 turns
 21863 | Lair:6   | Got a brightly glowing platinum ring
 22586 | Lair:2   | Identified the ring "Ejin" {*Corrode EV+3 Int+2 Slay+3 SInv} (You found it on level 6 of the Lair of Beasts)
 22852 | Lair:2   | Found a staircase to the Shoals.
 23075 | Lair:2   | Learned a level 3 spell: Regeneration
 23185 | D:12     | Found Uroobanit's Antique Armour Emporium.
 23400 | D:12     | Found Plog's Weapon Boutique.
 23526 | D:12     | Found a staircase to the Orcish Mines.
 23591 | D:12     | Found a frozen archway.
 23611 | D:12     | Found Ciereg's Weapon Boutique.
 23634 | IceCv    | Entered an ice cave
 24788 | IceCv    | Reached skill level 10 in Armour
 24799 | IceCv    | Reached skill level 1 in Charms
 25081 | IceCv    | Noticed a frost giant
 25094 | IceCv    | Killed a frost giant
 25094 | IceCv    | Reached skill level 5 in Charms
 25279 | IceCv    | Got a warped bone ring
 25294 | IceCv    | Got an iridescent war axe
 25576 | D:12     | Found Gaychang's Book Boutique.
 25588 | D:12     | Found Gibym's Gadget Shop.
 25635 | D:12     | Upgraded the game from 0.22-a0-422-g9628fc8 to 0.22-a0-423-g4197694
 25808 | D:12     | Reached XP level 15. HP: 81/96 MP: 15/31
 25929 | D:12     | Found a portal to a secret trove of treasure.
 26146 | D:12     | Identified the ring "Qunusis" {+Inv rC+ SInv} (You found it in an ice cave)
 26149 | D:12     | Identified the +5 war axe of the Endless March {protect, Str-3 Dex+9} (You found it in an ice cave)
 26311 | D:13     | Offered knowledge of Iskenderun's Battlesphere by Vehumet.
 26836 | D:13     | Found a gate to the Vaults.
 26901 | D:13     | Found Inolibil's Gadget Shoppe.
 28196 | D:14     | Got a smoking silver ring
 28955 | Orc:1    | Entered Level 1 of the Orcish Mines
 29259 | Snake:1  | Entered Level 1 of the Snake Pit
 29264 | Snake:1  | Learned a level 2 spell: Swiftness
 29422 | Snake:1  | Offered knowledge of Bolt of Magma by Vehumet.
 30056 | Snake:1  | Found Atutz's Jewellery Boutique.
 30060 | Snake:1  | Found Dikh's Antique Armour Boutique.
 30073 | Snake:1  | Reached skill level 11 in Spellcasting
 30876 | Snake:1  | Reached skill level 12 in Spellcasting
 30939 | Snake:1  | Learned a level 2 spell: Blink
 32035 | Snake:2  | Reached skill level 10 in Charms
 32246 | Snake:2  | Reached skill level 13 in Spellcasting
 32641 | Snake:2  | Identified the ring of Vimubaf {rCorr rPois MP+9 Str+6 Int-4} (You found it on level 14 of the Dungeon)
 32806 | Snake:2  | Got a smoking war axe {chop}
 33086 | Snake:3  | Noticed Louise
 33092 | Snake:3  | Killed Louise
 33165 | Snake:3  | Reached skill level 14 in Spellcasting
 33193 | Snake:3  | HP: 2/96 [naga warrior/dire flail of protection (6)]
 33537 | Snake:3  | Found Uden Ycs's Antique Weapon Shoppe.
 33557 | Snake:3  | Noticed a nagaraja
 33579 | Snake:3  | Killed a nagaraja
 33942 | Snake:3  | Offered knowledge of Bolt of Fire by Vehumet.
 33942 | Snake:3  | Reached skill level 15 in Spellcasting
 33942 | Snake:3  | Reached XP level 16. HP: 89/101 MP: 17/37
 34044 | Snake:3  | Learned a level 6 spell: Bolt of Fire
 34047 | Snake:3  | Learned a level 2 spell: Passwall
 35123 | Snake:4  | Entered Level 4 of the Snake Pit
 35137 | Snake:4  | Reached skill level 16 in Spellcasting
 36138 | Snake:4  | Identified the +8 war axe "Killer Klown's Curse" {chop, rN+ Str+2} (You took it off a naga on level 2 of the Snake Pit)
 36382 | Snake:4  | HP: 4/101 [naga warrior/scimitar of holy wrath (4)]
 37668 | Snake:4  | Offered knowledge of Conjure Ball Lightning by Vehumet.
 38145 | Snake:4  | Noticed Vashnia
 39060 | Snake:4  | Killed Vashnia
 40137 | Snake:4  | Reached XP level 17. HP: 33/106 MP: 15/39
 40918 | Snake:4  | Killed from afar by a nagaraja

Vault maps used:
D:1:      evilmike_arrival_rings
D:3:      first_ration, minmay_fountain_box, patterned_corridor
D:4:      old_forge
D:5:      lemuel_insect_pit, minmay_temple_entry_mist, kennysheep_generic_room_9
D:6:      serial_shops, kennysheep_mini_moat, uniq_duvessa, uniq_blork_the_orc
D:7:      dancing_weapons_uskayaw, gammafunk_temple_overflow_wave,
          enter_bailey_8, minmay_stone_trees_large
D:8:      minmay_overflow_temple_hex, lemuel_crystal_altar, enter_ossuary_3,
          special_room, grunt_ogre_cave
D:9:      xom_shifter_show
D:11:     wad_river_or_something, david_lair_shrubbed
D:12:     orc_david_3, serial_shops, nicolae_shop_waterfront, shop,
          nicolae_shop_window_shopping, nicolae_shop_overgrown_old_shop,
          portal_ice_cave_entry_ice_beasts, enter_trove_3
D:13:     erik_vaults_1, serial_shops, nicolae_shop_waterfront,
          water_boxes_lemuel
D:14:     hangedman_decor_diamond_cutter, spider_trap, grunt_decor_clamped,
          minmay_protected_statue
Temple:   minmay_temple_bridge_abc
Lair:1:   lemuel_fruit_fields
Lair:2:   shoals_dummy_entry, uniq_fannar
Lair:3:   guppyfry_snake_entry_garden, lemuel_fruit_tree
Lair:4:   pond_and_an_island_with_a_cottage, lemuel_fruit_fields
Lair:5:   slime_altar_1, uniq_rupert
Lair:6:   minmay_lair_end_enchanted_forest, guppyfry_lair_drakes,
          grunt_megastairs_2, uniq_snorg
Snake:1:  minmay_shop_star, uniq_aizul
Snake:3:  serial_shops, shop, uniq_louise
Snake:4:  johnstein_snake_rune_scales, serial_bayou_pond_b
IceCv:    ice_cave_caverns_03

Skill      XL: |  1  2  3  4  5  6  7  8  9 10 11 12 13 14 15 16 17 |
---------------+----------------------------------------------------+-----
Conjurations   | 2 3 4 5 6 8 10 12 | 12.6
Spellcasting   | 4 5 6 7 8 10 15 16 | 16.2
Fire Magic     | 4 6 7 9 10 11 13 14 | 14.4
Earth Magic    | 8 |  8.3
Necromancy     | 5 8 |  8.0
Fighting       | 7 11 12 | 12.0
Armour         | 4 10 | 10.0
Dodging        | 9 10 | 10.0
Charms         | 6 10 | 10.0
Stealth        | |  2.4

Action                   |  1- 3 |  4- 6 |  7- 9 | 10-12 | 13-15 | 16-18 || total
-------------------------+-------+-------+-------+-------+-------+-------++-------
Melee: Short sword       |    45 |    69 |   159 |       |       |       ||   273
       Trident           |       |       |     2 |    79 |   253 |    26 ||   360
Throw: Stone             |       |    17 |     8 |     9 |     2 |       ||    36
 Cast: Flame Tongue      |    53 |    54 |    44 |    71 |   100 |     9 ||   331
       Throw Flame       |       |    13 |    28 |    94 |   101 |    35 ||   271
       Sticky Flame      |       |     5 |    58 |   112 |   193 |    31 ||   399
       Conjure Flame     |       |     1 |     3 |     3 |     1 |       ||     8
       Fireball          |       |       |     1 |    17 |    43 |    22 ||    83
       Stone Arrow       |       |       |       |     5 |    59 |    72 ||   136
       Borgnjor's Vile C |       |       |       |    32 |   182 |    99 ||   313
       Lee's Rapid Decon |       |       |       |     4 |     6 |     2 ||    12
       Regeneration      |       |       |       |       |     1 |       ||     1
       Bolt of Fire      |       |       |       |       |       |    79 ||    79
Evoke: Wand              |       |       |     5 |     3 |    29 |    14 ||    51
       Lightning rod     |       |       |       |       |     8 |     1 ||     9
  Use: Scroll            |       |       |    18 |     1 |    20 |     4 ||    43
       Potion            |       |       |     4 |       |     3 |     6 ||    13
 Stab: Sleeping          |     7 |     5 |     4 |       |       |       ||    16
  Eat: Chunk             |     3 |     8 |    17 |    23 |    47 |     7 ||   105
       Ration            |       |       |     1 |     2 |     6 |     5 ||    14
Armor: Robe              |    14 |    16 |       |       |       |       ||    30
       Leather armour    |       |    42 |   112 |   150 |   244 |    39 ||   587
Dodge: Dodged            |    63 |   101 |   140 |   200 |   745 |   153 ||  1402

Table legend:
 A = Spawn XP
 B = Non-spawn XP
 C = Spawn XP percentage of total XP
 D = Spawn monster count
 E = Non-spawn monster count
 F = Spawn count percentage of total count
 G = Total turns spent on level
                    A         B        C        D         E        F      G
               +---------+---------+-------+---------+---------+-------+---------
         Total |       0 |  229382 |   0.0 |       0 |     863 |   0.0 | 40918
               +---------+---------+-------+---------+---------+-------+---------
           D:1 |       0 |      47 |   0.0 |       0 |      26 |   0.0 |  1290
           D:2 |       0 |      87 |   0.0 |       0 |      23 |   0.0 |  1041
           D:3 |       0 |     117 |   0.0 |       0 |      25 |   0.0 |  1146
           D:4 |       0 |     687 |   0.0 |       0 |      25 |   0.0 |  1281
           D:5 |       0 |     643 |   0.0 |       0 |      30 |   0.0 |  1631
           D:6 |       0 |     778 |   0.0 |       0 |      17 |   0.0 |   964
           D:7 |       0 |     864 |   0.0 |       0 |      15 |   0.0 |   809
           D:8 |       0 |     413 |   0.0 |       0 |       8 |   0.0 |   649
           D:9 |       0 |    3332 |   0.0 |       0 |      19 |   0.0 |  1319
          D:10 |       0 |    2543 |   0.0 |       0 |      40 |   0.0 |  1146
          D:11 |       0 |    6332 |   0.0 |       0 |      37 |   0.0 |  2626
          D:12 |       0 |    7518 |   0.0 |       0 |      50 |   0.0 |  1235
          D:13 |       0 |    7760 |   0.0 |       0 |      33 |   0.0 |  1121
          D:14 |       0 |    4535 |   0.0 |       0 |      23 |   0.0 |  1588
        Temple |       0 |      50 |   0.0 |       0 |       1 |   0.0 |   109
        Lair:1 |       0 |    5594 |   0.0 |       0 |      23 |   0.0 |   950
        Lair:2 |       0 |    2550 |   0.0 |       0 |       6 |   0.0 |   891
        Lair:3 |       0 |    8872 |   0.0 |       0 |      28 |   0.0 |  1439
        Lair:4 |       0 |    4264 |   0.0 |       0 |      19 |   0.0 |  1275
        Lair:5 |       0 |   19308 |   0.0 |       0 |      46 |   0.0 |  2808
        Lair:6 |       0 |   27246 |   0.0 |       0 |     111 |   0.0 |  2265
       Snake:1 |       0 |   13446 |   0.0 |       0 |      27 |   0.0 |  2142
       Snake:2 |       0 |    8899 |   0.0 |       0 |      21 |   0.0 |  1991
       Snake:3 |       0 |   22633 |   0.0 |       0 |      37 |   0.0 |  4301
       Snake:4 |       0 |   66711 |   0.0 |       0 |     121 |   0.0 |  2967
         Orc:1 |       0 |    1171 |   0.0 |       0 |       8 |   0.0 |    26
         IceCv |       0 |   12982 |   0.0 |       0 |      44 |   0.0 |  1908
               +---------+---------+-------+---------+---------+-------+---------
